![]() |
![]() |
![]() |
html PUBLIC "-//W3C//DTD XHTML 1.0 Transitional//EN" "http://www.w3.org/TR/xhtml1/DTD/xhtml1-transitional.dtd">
SAN JOSE BRONCOS vs SAN FRANCISCO SPIDERSCreated - 26 mars 2025 at 14:31
1st period
1. SAN FRANCISCO SPIDERS , Brock Nelson 30 (Jacob Middleton 16, Brandon Hagel 33) at 4:30
2. SAN FRANCISCO SPIDERS , Brady Tkachuk 37 (Jacob Middleton 17) at 6:52 3. SAN JOSE BRONCOS , Nick Bjugstad 15 (Thomas Harley 13, Jaccob Slavin 22) at 7:31 4. SAN FRANCISCO SPIDERS , Brent Burns 6 (Sebastian Aho 46, Shea Theodore 45) at 9:33 5. SAN FRANCISCO SPIDERS , Brock Nelson 31 (Brandon Hagel 34, Brent Burns 28) at 13:10 6. SAN FRANCISCO SPIDERS , Nico Hischier 31 (Trevor Moore 18, Sean Durzi 24) at 17:03 Penalties :
Brayden Point (SJO) for Diving (Minor) at 17:07, Dakota Joshua (SAF) for Interference (Minor) at 19:26
2nd period
7. SAN FRANCISCO SPIDERS , Bo Horvat 31 (Sean Durzi 25, Zach Hyman 41) at 4:43 (PP)
Penalties :
Jaccob Slavin (SJO) for Holding (Minor) at 3:54, Shea Theodore (SAF) for Holding (Minor) at 16:23, Clayton Keller (SJO) for Goalie Interference (Minor) at 16:23
3rd period
No Goal
Penalties :
Jesper Bratt (SJO) for Hooking (Minor) at 2:19, Joel Edmundson (SAF) for Roughing (Double Minor) at 12:36
Goalie StatsSemyon Varlamov (SJO), 5 saves from 9 shots - (0,556), L, 27-28-5, 13:10 minutes
Jonas Johansson (SJO), 21 saves from 23 shots - (0,913), 46:50 minutes Igor Shesterkin (SAF), 22 saves from 23 shots - (0,957), W, 45-13-2, 60:00 minutes
Players Stats for SAN JOSE BRONCOSPlayer Name G A P +/- PIM S H SB GA TA FO MP PP MP PK MP ------------------------------------------------------------------------------------ Adam Pelech 0 0 0 -1 0 0 1 2 0 0 0/0 20:28 2:55 1:58 Brayden Point 0 0 0 -2 2 4 1 0 0 0 6/15 17:53 1:36 0:00 Calen Addison 0 0 0 0 0 0 1 0 0 0 0/0 15:02 0:33 0:41 Cam Atkinson 0 0 0 -1 0 1 1 0 0 0 0/0 10:19 0:00 0:00 Clayton Keller 0 0 0 -2 2 1 0 0 0 0 3/6 21:24 2:09 2:58 Cole Caufield 0 0 0 -1 0 3 1 0 0 0 0/2 11:48 0:54 0:44 Ilya Mikheyev 0 0 0 -1 0 0 0 0 0 0 0/0 7:06 0:00 0:00 Jaccob Slavin 0 1 1 -3 2 0 1 1 0 0 0/0 24:28 2:29 2:08 Jeff Carter 0 0 0 -1 0 1 0 0 0 0 2/12 10:36 0:33 0:32 Jesper Bratt 0 0 0 -2 2 4 1 0 0 0 0/1 20:44 1:36 1:31 K'Andre Miller 0 0 0 -1 0 1 2 3 0 0 0/0 20:41 2:56 2:10 Nick Bjugstad 1 0 1 0 0 4 0 0 0 0 13/20 20:08 3:29 1:39 Oliver Bjorkstrand 0 0 0 0 0 2 0 0 0 0 2/4 17:36 3:15 0:00 Philipp Kurashev 0 0 0 0 0 1 3 0 0 0 0/5 20:27 3:29 1:17 Robert Fabbri 0 0 0 -1 0 1 1 0 0 0 3/6 7:06 0:00 0:00 Thomas Harley 0 1 1 -3 0 0 2 2 0 0 0/0 24:58 2:29 2:37 Timothy Liljegren 0 0 0 0 0 0 0 1 0 0 0/0 14:22 0:34 0:00 Zach Benson 0 0 0 -1 0 0 1 0 0 0 0/1 8:04 0:53 0:53 Players Stats for SAN FRANCISCO SPIDERSPlayer Name G A P +/- PIM S H SB GA TA FO MP PP MP PK MP ------------------------------------------------------------------------------------ Bo Horvat 1 0 1 1 0 4 0 0 0 0 14/21 17:44 2:36 0:00 Brady Tkachuk 1 0 1 1 0 1 4 0 0 0 1/1 17:27 2:36 0:14 Brandon Hagel 0 2 2 2 0 2 4 0 0 0 0/2 19:42 2:11 2:56 Brent Burns 1 1 2 1 0 4 1 1 0 0 0/0 24:33 3:11 3:26 Brock Faber 0 0 0 2 0 0 0 1 0 0 0/0 20:29 1:36 0:14 Brock Nelson 2 0 2 2 0 4 1 0 0 0 8/17 14:35 0:00 0:00 Dakota Joshua 0 0 0 0 2 0 0 0 0 0 0/2 2:58 0:00 0:00 Gustav Nyquist 0 0 0 2 0 2 0 0 0 0 0/2 18:51 0:00 2:48 Jacob Middleton 0 2 2 2 0 0 1 0 0 0 0/0 16:12 0:00 2:18 Joel Edmundson 0 0 0 2 4 0 0 0 0 0 0/0 13:53 0:00 0:00 Justin Brazeau 0 0 0 0 0 0 0 0 0 0 0/0 2:59 0:00 0:00 Luke Kunin 0 0 0 0 0 0 0 0 0 0 0/0 2:59 0:00 0:00 Nico Hischier 1 0 1 1 0 5 1 0 0 0 16/21 17:47 2:11 0:00 Sean Durzi 0 2 2 1 0 2 1 1 0 0 0/0 22:54 3:11 2:18 Sebastian Aho 0 1 1 1 0 2 1 0 0 0 4/6 21:54 2:11 3:10 Shea Theodore 0 1 1 0 2 0 1 0 0 0 0/0 21:57 1:36 3:40 Trevor Moore 0 1 1 1 0 2 1 0 0 0 0/0 17:53 0:00 2:48 Zach Hyman 0 1 1 1 0 4 1 0 0 0 0/0 17:13 2:36 0:00 3 Stars
1 - Brock Nelson (SAF)
2 - Brandon Hagel (SAF) 3 - Brent Burns (SAF) Power PlaySAN JOSE BRONCOS - 0 on 3 Attempt(s) - 0,00%
SAN FRANCISCO SPIDERS - 1 on 3 Attempt(s) - 33,33%
Penalty KillSAN JOSE BRONCOS - 2 on 3 Attempt(s) - 66,67%
- Score 0 goal in Penalty Kill
SAN FRANCISCO SPIDERS - 3 on 3 Attempt(s) - 100,00%
- Score 0 goal in Penalty Kill
Team StatSAN JOSE BRONCOS - Hits : 16 - Faceoff Wins : 29 - Blocked Shots : 9 - Penalty Minutes : 8
SAN FRANCISCO SPIDERS - Hits : 17 - Faceoff Wins : 43 - Blocked Shots : 3 - Penalty Minutes : 8
Official
Referees : Ghislain Hebert and Chris Lee
Linesman : Shandor Alphonso and Ken Bonham Game Notes
Jonas Johansson enters game at 13:10 of 1st period
FinanceLevel 1 -- Attendance: 5801 (95,02%) -- Ticket Income 870 150 $Level 2 -- Attendance: 5180 (100,00%) -- Ticket Income 518 000 $ Level 3 -- Attendance: 2035 (100,00%) -- Ticket Income 162 800 $ Level 4 -- Attendance: 4180 (100,00%) -- Ticket Income 250 800 $ Luxury Box -- Attendance: 969 (96,90%) -- Ticket Income 290 700 $ Game was played at the Bay Area Sports Center. Total Attendance: 18165 (98,19%) Total Ticket Income: 2 092 450 $ Other Expense: 20 924 $ Total Income: 2 071 526 $ SAN JOSE BRONCOS5 vs 5 Forward Center Left Wing Right Wing Time % Phy DF OF 1 Brayden Point Jesper Bratt Clayton Keller 36 1 2 2 2 Nick Bjugstad Philipp Kurashev Oliver Bjorkstrand 31 1 2 2 3 Jeff Carter Cole Caufield Cam Atkinson 23 1 2 2 4 Robert Fabbri Ilya Mikheyev Zach Benson 10 1 2 2 5 vs 5 Defense Defense Defense Time % Phy DF OF 1 Jaccob Slavin Thomas Harley 36 1 2 2 2 Adam Pelech K'Andre Miller 31 1 2 2 3 Timothy Liljegren Calen Addison 23 1 2 2 4 Jaccob Slavin Thomas Harley 10 1 2 2 PowerPlay Forward Center Left Wing Right Wing Time % Phy DF OF 1 Brayden Point Jesper Bratt Clayton Keller 55 1 2 2 2 Nick Bjugstad Philipp Kurashev Oliver Bjorkstrand 45 1 2 2 PowerPlay Defense Defense Defense Time % Phy DF OF 1 Jaccob Slavin Thomas Harley 55 1 2 2 2 Adam Pelech K'Andre Miller 45 1 2 2 Penalty Kill 4 Players Forward Center Wing Time % Phy DF OF 1 Clayton Keller Jesper Bratt 55 1 2 2 2 Nick Bjugstad Philipp Kurashev 45 1 2 2 Penalty Kill 4 Players Defense Defense Defense Time % Phy DF OF 1 Jaccob Slavin Thomas Harley 55 1 2 2 2 Adam Pelech K'Andre Miller 45 1 2 2 Penalty Kill - 3 Players Forward Forward Time % Phy DF OF 1 Nick Bjugstad 55 1 2 2 2 Jesper Bratt 45 1 2 2 Penalty Kill - 3 Players Defense Defense Defense Time % Phy DF OF 1 Jaccob Slavin Thomas Harley 55 1 2 2 2 Adam Pelech K'Andre Miller 45 1 2 2 4 vs 4 Forward Center Wing Time % Phy DF OF 1 Philipp Kurashev Jesper Bratt 55 1 2 2 2 Nick Bjugstad Clayton Keller 45 1 2 2 4 vs 4 Defense Defense Defense Time % Phy DF OF 1 Jaccob Slavin Thomas Harley 55 1 2 2 2 Adam Pelech K'Andre Miller 45 1 2 2 Last Minutes Offensive Center Left Wing Right Wing Defense Defense Brayden Point Jesper Bratt Clayton Keller Jaccob Slavin Thomas Harley Last Minutes Defensive Center Left Wing Right Wing Defense Defense Brayden Point Jesper Bratt Clayton Keller Jaccob Slavin Thomas Harley Goaltenders Starting : Semyon Varlamov Backup : Jonas Johansson Extra Forwards Normal : Philipp Kurashev, Cole Caufield, Oliver Bjorkstrand - PP : Cole Caufield, Philipp Kurashev - PK : Nick Bjugstad Extra Defensemen Normal : Timothy Liljegren, Calen Addison, Adam Pelech - PP : Timothy Liljegren - PK : Calen Addison, Adam Pelech Penalty Shots Oliver Bjorkstrand, Jesper Bratt, Nick Bjugstad, Clayton Keller, Philipp Kurashev Custom OT Lines Forwards Brayden Point, Jesper Bratt, Nick Bjugstad, Clayton Keller, Philipp Kurashev, Oliver Bjorkstrand, Cole Caufield, Cam Atkinson, Jeff Carter, Robert Fabbri Custom OT Lines Defensemen Jaccob Slavin, Thomas Harley, Adam Pelech, K'Andre Miller, Timothy Liljegren Scratches Mattias Janmark-Nylen (Healthy), Jake Bean (Healthy), Tyler Motte (Healthy), Yaroslav Askarov (Healthy) SAN FRANCISCO SPIDERS5 vs 5 Forward Center Left Wing Right Wing Time % Phy DF OF 1 Nico Hischier Sebastian Aho Trevor Moore 33 0 1 4 2 Bo Horvat Brady Tkachuk Zach Hyman 33 0 1 4 3 Brock Nelson Brandon Hagel Gustav Nyquist 33 0 1 4 4 Dakota Joshua Luke Kunin Justin Brazeau 1 0 5 0 5 vs 5 Defense Defense Defense Time % Phy DF OF 1 Brent Burns Shea Theodore 36 0 3 2 2 Brock Faber Sean Durzi 35 0 3 2 3 Jacob Middleton Joel Edmundson 25 0 3 2 4 Brent Burns Brock Faber 4 0 3 2 PowerPlay Forward Center Left Wing Right Wing Time % Phy DF OF 1 Bo Horvat Brady Tkachuk Zach Hyman 50 0 0 5 2 Nico Hischier Brandon Hagel Sebastian Aho 50 0 0 5 PowerPlay Defense Defense Defense Time % Phy DF OF 1 Brent Burns Sean Durzi 55 0 1 4 2 Shea Theodore Brock Faber 45 0 1 4 Penalty Kill 4 Players Forward Center Wing Time % Phy DF OF 1 Sebastian Aho Brandon Hagel 55 0 5 0 2 Gustav Nyquist Trevor Moore 45 0 5 0 Penalty Kill 4 Players Defense Defense Defense Time % Phy DF OF 1 Brent Burns Shea Theodore 55 0 5 0 2 Sean Durzi Jacob Middleton 45 0 5 0 Penalty Kill - 3 Players Forward Forward Time % Phy DF OF 1 Gustav Nyquist 55 0 5 0 2 Trevor Moore 45 0 5 0 Penalty Kill - 3 Players Defense Defense Defense Time % Phy DF OF 1 Brent Burns Joel Edmundson 55 0 5 0 2 Sean Durzi Brock Faber 45 0 5 0 4 vs 4 Forward Center Wing Time % Phy DF OF 1 Sebastian Aho Gustav Nyquist 55 1 2 2 2 Nico Hischier Bo Horvat 45 1 2 2 4 vs 4 Defense Defense Defense Time % Phy DF OF 1 Brent Burns Jacob Middleton 55 1 2 2 2 Sean Durzi Brock Faber 45 1 2 2 Last Minutes Offensive Center Left Wing Right Wing Defense Defense Sebastian Aho Brandon Hagel Zach Hyman Brent Burns Shea Theodore Last Minutes Defensive Center Left Wing Right Wing Defense Defense Sebastian Aho Gustav Nyquist Trevor Moore Brent Burns Brock Faber Goaltenders Starting : Igor Shesterkin Backup : Justus Annunen Extra Forwards Normal : Bo Horvat, Brandon Hagel, Brady Tkachuk - PP : Brock Nelson, Zach Hyman - PK : Sebastian Aho Extra Defensemen Normal : Jacob Middleton, Brent Burns, Sean Durzi - PP : Jacob Middleton - PK : Brent Burns, Sean Durzi Penalty Shots Sebastian Aho, Brandon Hagel, Nico Hischier, Bo Horvat, Zach Hyman Custom OT Lines Forwards Sebastian Aho, Gustav Nyquist, Nico Hischier, Bo Horvat, Zach Hyman, Brady Tkachuk, Luke Kunin, Brandon Hagel, Trevor Moore, Dakota Joshua Custom OT Lines Defensemen Brent Burns, Shea Theodore, Sean Durzi, Brock Faber, Jacob Middleton Scratches Brock McGinn (Broken Left Foot Toe Injury), Luke Hughes (Healthy)
Play-by-Play1st period0:01 of 1st period - Nico Hischier wins face-off versus Brayden Point in neutral zone. 0:29 of 1st period - Jaccob Slavin is hit by Nico Hischier and loses puck. 1:12 of 1st period - Shot by Bo Horvat. 1:12 of 1st period - Stopped by Semyon Varlamov without a rebound. 1:13 of 1st period - Nick Bjugstad wins face-off versus Brock Nelson in SAN JOSE BRONCOS zone. 1:48 of 1st period - Shot by Gustav Nyquist. 1:48 of 1st period - Shot Misses the Net. 1:50 of 1st period - Shot by Gustav Nyquist. 1:50 of 1st period - Deflect By Brandon Hagel. 1:50 of 1st period - Shot Misses the Net. 2:12 of 1st period - Brady Tkachuk is hit by Philipp Kurashev and loses puck. 2:29 of 1st period - Shot by Cam Atkinson. 2:29 of 1st period - Stopped by Igor Shesterkin without a rebound. 2:30 of 1st period - Robert Fabbri wins face-off versus Dakota Joshua in SAN FRANCISCO SPIDERS zone. 3:04 of 1st period - Shot by Robert Fabbri. 3:04 of 1st period - Stopped by Igor Shesterkin without a rebound. 3:05 of 1st period - Bo Horvat wins face-off versus Jeff Carter in SAN FRANCISCO SPIDERS zone. 4:26 of 1st period - Shot by Brandon Hagel. 4:26 of 1st period - Shot Misses the Net. 4:28 of 1st period - Shot by Jacob Middleton. 4:28 of 1st period - Shot Blocked by Adam Pelech. 4:30 of 1st period - Shot by Brock Nelson. 4:30 of 1st period - Goal by Brock Nelson - SAN JOSE BRONCOS : 0 - SAN FRANCISCO SPIDERS : 1. 4:31 of 1st period - Nick Bjugstad wins face-off versus Nico Hischier in neutral zone. 4:44 of 1st period - Shot by Sebastian Aho. 4:44 of 1st period - Deflect By Trevor Moore. 4:44 of 1st period - Shot Blocked by Timothy Liljegren. 5:02 of 1st period - Shot by Sebastian Aho. 5:02 of 1st period - Deflect By Nico Hischier. 5:02 of 1st period - Shot Misses the Net. 5:38 of 1st period - Icing by Jesper Bratt. 5:39 of 1st period - Brock Nelson wins face-off versus Brayden Point in SAN JOSE BRONCOS zone. 6:52 of 1st period - Shot by Brady Tkachuk. 6:52 of 1st period - Goal by Brady Tkachuk - SAN JOSE BRONCOS : 0 - SAN FRANCISCO SPIDERS : 2. 6:53 of 1st period - Nick Bjugstad wins face-off versus Nico Hischier in neutral zone. 7:15 of 1st period - Shot by Nick Bjugstad. 7:15 of 1st period - Deflect By Oliver Bjorkstrand. 7:15 of 1st period - Shot Misses the Net. 7:17 of 1st period - Shot by Jaccob Slavin. 7:17 of 1st period - Shot Misses the Net. 7:19 of 1st period - Shot by Jaccob Slavin. 7:19 of 1st period - Shot Misses the Net. 7:31 of 1st period - Shot by Nick Bjugstad. 7:31 of 1st period - Goal by Nick Bjugstad - SAN JOSE BRONCOS : 1 - SAN FRANCISCO SPIDERS : 2. 7:32 of 1st period - Bo Horvat wins face-off versus Jeff Carter in neutral zone. 8:07 of 1st period - Shot by Jeff Carter. 8:07 of 1st period - Stopped by Igor Shesterkin without a rebound. 8:08 of 1st period - Robert Fabbri wins face-off versus Brock Nelson in SAN FRANCISCO SPIDERS zone. 9:31 of 1st period - Shot by Sebastian Aho. 9:31 of 1st period - Shot Misses the Net. 9:33 of 1st period - Shot by Brent Burns. 9:33 of 1st period - Goal by Brent Burns - SAN JOSE BRONCOS : 1 - SAN FRANCISCO SPIDERS : 3. 9:34 of 1st period - Bo Horvat wins face-off versus Oliver Bjorkstrand in neutral zone. 9:51 of 1st period - Shot by Bo Horvat. 9:51 of 1st period - Shot Misses the Net. 9:54 of 1st period - Icing by Thomas Harley. 9:55 of 1st period - Nico Hischier wins face-off versus Nick Bjugstad in SAN JOSE BRONCOS zone. 10:10 of 1st period - Shot by Oliver Bjorkstrand. 10:10 of 1st period - Shot Misses the Net. 11:36 of 1st period - Shot by Brayden Point. 11:36 of 1st period - Stopped by Igor Shesterkin without a rebound. 11:37 of 1st period - Jeff Carter wins face-off versus Brock Nelson in SAN FRANCISCO SPIDERS zone. 11:42 of 1st period - Shot by Cole Caufield. 11:42 of 1st period - Stopped by Igor Shesterkin without a rebound. 11:43 of 1st period - Bo Horvat wins face-off versus Jeff Carter in SAN FRANCISCO SPIDERS zone. 11:43 of 1st period - Bo Horvat is hit by Cam Atkinson. 12:06 of 1st period - Brady Tkachuk is hit by K'Andre Miller. 12:18 of 1st period - Shot by Zach Hyman. 12:18 of 1st period - Stopped by Semyon Varlamov without a rebound. 12:19 of 1st period - Brayden Point wins face-off versus Brock Nelson in SAN JOSE BRONCOS zone. 12:19 of 1st period - Brayden Point is hit by Brandon Hagel. 12:31 of 1st period - Shot by Brock Nelson. 12:31 of 1st period - Stopped by Semyon Varlamov with a rebound. 12:33 of 1st period - Shot by Gustav Nyquist. 12:33 of 1st period - Stopped by Semyon Varlamov without a rebound. 12:34 of 1st period - Nick Bjugstad wins face-off versus Nico Hischier in SAN JOSE BRONCOS zone. 12:34 of 1st period - Nick Bjugstad is hit by Sebastian Aho. 12:37 of 1st period - Icing by Oliver Bjorkstrand. 12:38 of 1st period - Nick Bjugstad wins face-off versus Brock Nelson in SAN JOSE BRONCOS zone. 12:56 of 1st period - Shot by Brandon Hagel. 12:56 of 1st period - Stopped by Semyon Varlamov with a rebound. 13:10 of 1st period - Shot by Brock Nelson. 13:10 of 1st period - Goal by Brock Nelson - SAN JOSE BRONCOS : 1 - SAN FRANCISCO SPIDERS : 4. 13:10 of 1st period - Jonas Johansson enters game. 13:11 of 1st period - Bo Horvat wins face-off versus Brayden Point in neutral zone. 13:24 of 1st period - Shot by Brady Tkachuk. 13:24 of 1st period - Shot Misses the Net. 13:36 of 1st period - Shot by Jesper Bratt. 13:36 of 1st period - Stopped by Igor Shesterkin with a rebound. 14:10 of 1st period - Icing by Cole Caufield. 14:11 of 1st period - Brock Nelson wins face-off versus Jeff Carter in SAN JOSE BRONCOS zone. 14:14 of 1st period - Shot by Brock Nelson. 14:14 of 1st period - Shot Misses the Net. 14:17 of 1st period - Icing by Thomas Harley. 14:18 of 1st period - Brock Nelson wins face-off versus Jeff Carter in SAN JOSE BRONCOS zone. 14:19 of 1st period - Shot by Gustav Nyquist. 14:19 of 1st period - Shot Misses the Net. 14:58 of 1st period - Shot by Cole Caufield. 14:58 of 1st period - Shot Misses the Net. 15:00 of 1st period - Shot by Jaccob Slavin. 15:00 of 1st period - Shot Misses the Net. 15:47 of 1st period - Shot by Nico Hischier. 15:47 of 1st period - Stopped by Jonas Johansson without a rebound. 15:48 of 1st period - Bo Horvat wins face-off versus Philipp Kurashev in SAN JOSE BRONCOS zone. 16:13 of 1st period - Shot by Oliver Bjorkstrand. 16:13 of 1st period - Shot Misses the Net. 17:01 of 1st period - Shot by Trevor Moore. 17:01 of 1st period - Shot Misses the Net. 17:03 of 1st period - Shot by Nico Hischier. 17:03 of 1st period - Goal by Nico Hischier - SAN JOSE BRONCOS : 1 - SAN FRANCISCO SPIDERS : 5. 17:04 of 1st period - Nico Hischier wins face-off versus Brayden Point in neutral zone. 17:04 of 1st period - Nico Hischier is hit by Jesper Bratt. 17:07 of 1st period - Minor Penalty to Brayden Point for Diving. 17:08 of 1st period - Nico Hischier wins face-off versus Clayton Keller in SAN JOSE BRONCOS zone. 17:35 of 1st period - Shot by Nico Hischier. 17:35 of 1st period - Stopped by Jonas Johansson with a rebound. 17:37 of 1st period - Shot by Brent Burns. 17:37 of 1st period - Stopped by Jonas Johansson with a rebound. 17:39 of 1st period - Shot by Brandon Hagel. 17:39 of 1st period - Deflect By Sebastian Aho. 17:39 of 1st period - Stopped by Jonas Johansson without a rebound. 17:40 of 1st period - Bo Horvat wins face-off versus Nick Bjugstad in SAN JOSE BRONCOS zone. 18:21 of 1st period - Shot by Jesper Bratt. 18:21 of 1st period - Stopped by Igor Shesterkin without a rebound. 18:22 of 1st period - Nico Hischier wins face-off versus Clayton Keller in SAN FRANCISCO SPIDERS zone. 19:26 of 1st period - Minor Penalty to Dakota Joshua for Interference. 19:27 of 1st period - Nick Bjugstad wins face-off versus Sebastian Aho in SAN FRANCISCO SPIDERS zone. Goals for this period are 1 for SAN JOSE BRONCOS vs 5 for SAN FRANCISCO SPIDERS. Shots for this period are 8 for SAN JOSE BRONCOS vs 14 for SAN FRANCISCO SPIDERS. 2nd period0:01 of 2nd period - Brayden Point wins face-off versus Sebastian Aho in neutral zone. 0:27 of 2nd period - Shot by Clayton Keller. 0:27 of 2nd period - Stopped by Igor Shesterkin without a rebound. 0:28 of 2nd period - Nick Bjugstad wins face-off versus Gustav Nyquist in SAN FRANCISCO SPIDERS zone. 1:48 of 2nd period - Shot by Brady Tkachuk. 1:48 of 2nd period - Shot Misses the Net. 1:50 of 2nd period - Shot by Brock Faber. 1:50 of 2nd period - Shot Misses the Net. 2:08 of 2nd period - Shot by Cam Atkinson. 2:08 of 2nd period - Deflect By Cole Caufield. 2:08 of 2nd period - Stopped by Igor Shesterkin without a rebound. 2:09 of 2nd period - Clayton Keller wins face-off versus Dakota Joshua in SAN FRANCISCO SPIDERS zone. 2:24 of 2nd period - Shot by Brayden Point. 2:24 of 2nd period - Shot Misses the Net. 2:35 of 2nd period - Jesper Bratt is hit by Jacob Middleton and loses puck. 2:44 of 2nd period - Shot by Jesper Bratt. 2:44 of 2nd period - Shot Misses the Net. 2:52 of 2nd period - Shot by Brayden Point. 2:52 of 2nd period - Stopped by Igor Shesterkin without a rebound. 2:53 of 2nd period - Nico Hischier wins face-off versus Nick Bjugstad in SAN FRANCISCO SPIDERS zone. 3:10 of 2nd period - Shot by Nico Hischier. 3:10 of 2nd period - Stopped by Jonas Johansson with a rebound. 3:12 of 2nd period - Shot by Nico Hischier. 3:12 of 2nd period - Shot Misses the Net. 3:14 of 2nd period - Shot by Trevor Moore. 3:14 of 2nd period - Shot Misses the Net. 3:16 of 2nd period - Shot by Brent Burns. 3:16 of 2nd period - Stopped by Jonas Johansson without a rebound. 3:17 of 2nd period - Jeff Carter wins face-off versus Brock Nelson in SAN JOSE BRONCOS zone. 3:17 of 2nd period - Jeff Carter is hit by Brandon Hagel. 3:23 of 2nd period - Shot by Cole Caufield. 3:23 of 2nd period - Stopped by Igor Shesterkin with a rebound. 3:26 of 2nd period - Icing by Brock Faber. 3:27 of 2nd period - Brayden Point wins face-off versus Brock Nelson in SAN FRANCISCO SPIDERS zone. 3:31 of 2nd period - Icing by Sean Durzi. 3:32 of 2nd period - Brock Nelson wins face-off versus Brayden Point in SAN FRANCISCO SPIDERS zone. 3:54 of 2nd period - Minor Penalty to Jaccob Slavin for Holding. 3:55 of 2nd period - Bo Horvat wins face-off versus Clayton Keller in SAN JOSE BRONCOS zone. 4:17 of 2nd period - Icing by Bo Horvat. 4:18 of 2nd period - Nick Bjugstad wins face-off versus Bo Horvat in SAN FRANCISCO SPIDERS zone. 4:26 of 2nd period - Thomas Harley is hit by Brady Tkachuk and loses puck. 4:39 of 2nd period - Shot by Bo Horvat. 4:39 of 2nd period - Shot Blocked by Thomas Harley. 4:41 of 2nd period - Shot by Bo Horvat. 4:41 of 2nd period - Shot Misses the Net. 4:43 of 2nd period - Shot by Bo Horvat. 4:43 of 2nd period - Goal by Bo Horvat - SAN JOSE BRONCOS : 1 - SAN FRANCISCO SPIDERS : 6. 4:44 of 2nd period - Brayden Point wins face-off versus Nico Hischier in neutral zone. 4:44 of 2nd period - Clayton Keller is hit by Trevor Moore. 5:00 of 2nd period - Shot by Trevor Moore. 5:00 of 2nd period - Stopped by Jonas Johansson with a rebound. 5:14 of 2nd period - Shot by Nico Hischier. 5:14 of 2nd period - Shot Blocked by K'Andre Miller. 6:39 of 2nd period - Shot by Nick Bjugstad. 6:39 of 2nd period - Shot Misses the Net. 7:15 of 2nd period - Shot by Bo Horvat. 7:15 of 2nd period - Shot Misses the Net. 7:43 of 2nd period - Shot by Sebastian Aho. 7:43 of 2nd period - Shot Misses the Net. 8:58 of 2nd period - Shot by Gustav Nyquist. 8:58 of 2nd period - Stopped by Jonas Johansson without a rebound. 8:59 of 2nd period - Nick Bjugstad wins face-off versus Bo Horvat in SAN JOSE BRONCOS zone. 9:03 of 2nd period - Icing by Nick Bjugstad. 9:04 of 2nd period - Bo Horvat wins face-off versus Nick Bjugstad in SAN JOSE BRONCOS zone. 9:50 of 2nd period - Icing by Brady Tkachuk. 9:51 of 2nd period - Bo Horvat wins face-off versus Jesper Bratt in SAN FRANCISCO SPIDERS zone. 10:34 of 2nd period - Shot by Jesper Bratt. 10:34 of 2nd period - Stopped by Igor Shesterkin without a rebound. 10:35 of 2nd period - Brock Nelson wins face-off versus Jeff Carter in SAN FRANCISCO SPIDERS zone. 10:39 of 2nd period - Gustav Nyquist is hit by Adam Pelech and loses puck. 10:45 of 2nd period - Gustav Nyquist is hit by K'Andre Miller and loses puck. 10:48 of 2nd period - Shot by Brock Nelson. 10:48 of 2nd period - Shot Misses the Net. 10:50 of 2nd period - Shot by Jacob Middleton. 10:50 of 2nd period - Shot Blocked by Adam Pelech. 10:54 of 2nd period - Shot by Gustav Nyquist. 10:54 of 2nd period - Shot Misses the Net. 11:35 of 2nd period - Brent Burns is hit by Cole Caufield and loses puck. 12:17 of 2nd period - Shot by Philipp Kurashev. 12:17 of 2nd period - Shot Misses the Net. 12:19 of 2nd period - Shot by Calen Addison. 12:19 of 2nd period - Shot Misses the Net. 12:35 of 2nd period - Sebastian Aho is hit by Brayden Point and loses puck. 13:08 of 2nd period - Shot by Clayton Keller. 13:08 of 2nd period - Shot Misses the Net. 13:10 of 2nd period - Shot by Jesper Bratt. 13:10 of 2nd period - Stopped by Igor Shesterkin without a rebound. 13:11 of 2nd period - Brock Nelson wins face-off versus Robert Fabbri in SAN FRANCISCO SPIDERS zone. 13:11 of 2nd period - Brock Nelson is hit by Robert Fabbri. 13:21 of 2nd period - Shot by Gustav Nyquist. 13:21 of 2nd period - Shot Blocked by K'Andre Miller. 13:23 of 2nd period - Shot by Brandon Hagel. 13:23 of 2nd period - Shot Blocked by K'Andre Miller. 13:27 of 2nd period - Shot by Brandon Hagel. 13:27 of 2nd period - Stopped by Jonas Johansson without a rebound. 13:28 of 2nd period - Nick Bjugstad wins face-off versus Bo Horvat in SAN JOSE BRONCOS zone. 13:43 of 2nd period - Shot by Oliver Bjorkstrand. 13:43 of 2nd period - Stopped by Igor Shesterkin without a rebound. 13:44 of 2nd period - Clayton Keller wins face-off versus Brandon Hagel in SAN FRANCISCO SPIDERS zone. 14:11 of 2nd period - Shot by Brayden Point. 14:11 of 2nd period - Shot Misses the Net. 15:17 of 2nd period - Shot by Nick Bjugstad. 15:17 of 2nd period - Stopped by Igor Shesterkin without a rebound. 15:18 of 2nd period - Bo Horvat wins face-off versus Jeff Carter in SAN FRANCISCO SPIDERS zone. 15:46 of 2nd period - Cam Atkinson is hit by Brent Burns and loses puck. 15:53 of 2nd period - Shot by Cam Atkinson. 15:53 of 2nd period - Shot Blocked by Brent Burns. 15:56 of 2nd period - Cam Atkinson is hit by Shea Theodore. 16:22 of 2nd period - Shot by Jesper Bratt. 16:22 of 2nd period - Shot Misses the Net. 16:23 of 2nd period - Minor Penalty to Shea Theodore for Holding. 16:23 of 2nd period - Minor Penalty to Clayton Keller for Goalie Interference. 16:24 of 2nd period - Sebastian Aho wins face-off versus Philipp Kurashev in SAN FRANCISCO SPIDERS zone. 16:24 of 2nd period - Sebastian Aho is hit by Philipp Kurashev. 16:34 of 2nd period - Shot by Sebastian Aho. 16:34 of 2nd period - Deflect By Gustav Nyquist. 16:34 of 2nd period - Shot Hit the Post. 16:48 of 2nd period - Shot by Jesper Bratt. 16:48 of 2nd period - Shot Misses the Net. 17:02 of 2nd period - Shot by Sebastian Aho. 17:02 of 2nd period - Shot Misses the Net. 17:15 of 2nd period - Icing by Joel Edmundson. 17:16 of 2nd period - Sebastian Aho wins face-off versus Cole Caufield in SAN FRANCISCO SPIDERS zone. 17:32 of 2nd period - Shot by Nick Bjugstad. 17:32 of 2nd period - Stopped by Igor Shesterkin with a rebound. 17:51 of 2nd period - Shot by Nick Bjugstad. 17:51 of 2nd period - Stopped by Igor Shesterkin without a rebound. 17:52 of 2nd period - Nico Hischier wins face-off versus Philipp Kurashev in SAN FRANCISCO SPIDERS zone. 17:52 of 2nd period - Nico Hischier is hit by Philipp Kurashev. 18:12 of 2nd period - Shot by Nico Hischier. 18:12 of 2nd period - Deflect By Bo Horvat. 18:12 of 2nd period - Stopped by Jonas Johansson without a rebound. 18:13 of 2nd period - Bo Horvat wins face-off versus Philipp Kurashev in SAN JOSE BRONCOS zone. 18:24 of 2nd period - Shot by Cole Caufield. 18:24 of 2nd period - Shot Misses the Net. 18:33 of 2nd period - Shot by Brent Burns. 18:33 of 2nd period - Stopped by Jonas Johansson without a rebound. 18:34 of 2nd period - Bo Horvat wins face-off versus Robert Fabbri in SAN JOSE BRONCOS zone. 18:34 of 2nd period - Bo Horvat is hit by Thomas Harley. 18:44 of 2nd period - Shot by Bo Horvat. 18:44 of 2nd period - Shot Blocked by Jaccob Slavin. 18:46 of 2nd period - Shot by Brent Burns. 18:46 of 2nd period - Shot Misses the Net. 18:48 of 2nd period - Shot by Zach Hyman. 18:48 of 2nd period - Stopped by Jonas Johansson with a rebound. 19:17 of 2nd period - Zach Hyman is hit by Thomas Harley and loses puck. Goals for this period are 0 for SAN JOSE BRONCOS vs 1 for SAN FRANCISCO SPIDERS. Shots for this period are 10 for SAN JOSE BRONCOS vs 9 for SAN FRANCISCO SPIDERS. 3rd period0:01 of 3rd period - Nico Hischier wins face-off versus Brayden Point in neutral zone. 0:38 of 3rd period - Shot by Nico Hischier. 0:38 of 3rd period - Stopped by Jonas Johansson without a rebound. 0:39 of 3rd period - Oliver Bjorkstrand wins face-off versus Brandon Hagel in SAN JOSE BRONCOS zone. 0:39 of 3rd period - Oliver Bjorkstrand is hit by Brock Nelson. 0:44 of 3rd period - Icing by Philipp Kurashev. 0:45 of 3rd period - Brock Nelson wins face-off versus Nick Bjugstad in SAN JOSE BRONCOS zone. 0:51 of 3rd period - Icing by Adam Pelech. 0:52 of 3rd period - Nico Hischier wins face-off versus Philipp Kurashev in SAN JOSE BRONCOS zone. 2:19 of 3rd period - Minor Penalty to Jesper Bratt for Hooking. 2:20 of 3rd period - Clayton Keller wins face-off versus Bo Horvat in SAN JOSE BRONCOS zone. 2:25 of 3rd period - Thomas Harley is hit by Brady Tkachuk and loses puck. 2:36 of 3rd period - Shot by Sean Durzi. 2:36 of 3rd period - Stopped by Jonas Johansson with a rebound. 2:38 of 3rd period - Shot by Brent Burns. 2:38 of 3rd period - Shot Misses the Net. 3:50 of 3rd period - Shot by Sebastian Aho. 3:50 of 3rd period - Stopped by Jonas Johansson without a rebound. 3:51 of 3rd period - Nick Bjugstad wins face-off versus Bo Horvat in SAN JOSE BRONCOS zone. 4:12 of 3rd period - Shot by Sean Durzi. 4:12 of 3rd period - Stopped by Jonas Johansson without a rebound. 4:13 of 3rd period - Nico Hischier wins face-off versus Zach Benson in SAN JOSE BRONCOS zone. 4:24 of 3rd period - Shot by Nico Hischier. 4:24 of 3rd period - Shot Misses the Net. 4:32 of 3rd period - Dakota Joshua is hit by Zach Benson and loses puck. 6:01 of 3rd period - Icing by Timothy Liljegren. 6:02 of 3rd period - Brock Nelson wins face-off versus Robert Fabbri in SAN JOSE BRONCOS zone. 6:27 of 3rd period - Shot by Brock Nelson. 6:27 of 3rd period - Stopped by Jonas Johansson without a rebound. 6:28 of 3rd period - Brayden Point wins face-off versus Bo Horvat in SAN JOSE BRONCOS zone. 6:59 of 3rd period - Brady Tkachuk is hit by Jaccob Slavin and loses puck. 7:05 of 3rd period - Shot by Bo Horvat. 7:05 of 3rd period - Deflect By Brady Tkachuk. 7:05 of 3rd period - Shot Blocked by Thomas Harley. 7:49 of 3rd period - Shot by Oliver Bjorkstrand. 7:49 of 3rd period - Stopped by Igor Shesterkin without a rebound. 7:50 of 3rd period - Nico Hischier wins face-off versus Jeff Carter in SAN FRANCISCO SPIDERS zone. 7:52 of 3rd period - Icing by Sebastian Aho. 7:53 of 3rd period - Nico Hischier wins face-off versus Jeff Carter in SAN FRANCISCO SPIDERS zone. 8:10 of 3rd period - Shot by Trevor Moore. 8:10 of 3rd period - Stopped by Jonas Johansson without a rebound. 8:11 of 3rd period - Nick Bjugstad wins face-off versus Brock Nelson in SAN JOSE BRONCOS zone. 9:18 of 3rd period - Shot by Brayden Point. 9:18 of 3rd period - Stopped by Igor Shesterkin with a rebound. 9:20 of 3rd period - Shot by K'Andre Miller. 9:20 of 3rd period - Stopped by Igor Shesterkin without a rebound. 9:21 of 3rd period - Bo Horvat wins face-off versus Brayden Point in SAN FRANCISCO SPIDERS zone. 9:33 of 3rd period - Shot by Zach Hyman. 9:33 of 3rd period - Stopped by Jonas Johansson without a rebound. 9:34 of 3rd period - Nico Hischier wins face-off versus Jeff Carter in SAN JOSE BRONCOS zone. 9:34 of 3rd period - Nico Hischier is hit by Calen Addison. 10:34 of 3rd period - Icing by Sean Durzi. 10:35 of 3rd period - Brayden Point wins face-off versus Nico Hischier in SAN FRANCISCO SPIDERS zone. 10:41 of 3rd period - Icing by Sebastian Aho. 10:42 of 3rd period - Nico Hischier wins face-off versus Brayden Point in SAN FRANCISCO SPIDERS zone. 10:48 of 3rd period - Icing by Brock Faber. 10:49 of 3rd period - Nico Hischier wins face-off versus Brayden Point in SAN FRANCISCO SPIDERS zone. 11:02 of 3rd period - Brayden Point is hit by Sean Durzi and loses puck. 11:31 of 3rd period - Shot by Brady Tkachuk. 11:31 of 3rd period - Shot Misses the Net. 11:35 of 3rd period - Shot by Bo Horvat. 11:35 of 3rd period - Shot Misses the Net. 12:36 of 3rd period - Double Minor Penalty to Joel Edmundson for Roughing. 12:37 of 3rd period - Sebastian Aho wins face-off versus Nick Bjugstad in SAN FRANCISCO SPIDERS zone. 13:00 of 3rd period - Shot by Philipp Kurashev. 13:00 of 3rd period - Stopped by Igor Shesterkin without a rebound. 13:01 of 3rd period - Oliver Bjorkstrand wins face-off versus Gustav Nyquist in SAN FRANCISCO SPIDERS zone. 13:50 of 3rd period - Clayton Keller is hit by Brandon Hagel and loses puck. 14:01 of 3rd period - Shot by Brayden Point. 14:01 of 3rd period - Stopped by Igor Shesterkin without a rebound. 14:02 of 3rd period - Sebastian Aho wins face-off versus Nick Bjugstad in SAN FRANCISCO SPIDERS zone. 16:07 of 3rd period - Shot by Adam Pelech. 16:07 of 3rd period - Shot Misses the Net. 16:35 of 3rd period - Shot by Cole Caufield. 16:35 of 3rd period - Deflect By Oliver Bjorkstrand. 16:35 of 3rd period - Shot Blocked by Brock Faber. 16:37 of 3rd period - Shot by Cam Atkinson. 16:37 of 3rd period - Shot Blocked by Sean Durzi. 16:54 of 3rd period - Icing by Timothy Liljegren. 16:55 of 3rd period - Robert Fabbri wins face-off versus Bo Horvat in SAN JOSE BRONCOS zone. 16:55 of 3rd period - Robert Fabbri is hit by Brady Tkachuk. 17:04 of 3rd period - Timothy Liljegren is hit by Zach Hyman and loses puck. 17:08 of 3rd period - Timothy Liljegren is hit by Brady Tkachuk and loses puck. 17:35 of 3rd period - Shot by Zach Hyman. 17:35 of 3rd period - Stopped by Jonas Johansson without a rebound. 17:36 of 3rd period - Nick Bjugstad wins face-off versus Brock Nelson in SAN JOSE BRONCOS zone. 17:36 of 3rd period - Nick Bjugstad is hit by Brandon Hagel. 17:51 of 3rd period - Icing by Thomas Harley. 17:52 of 3rd period - Nico Hischier wins face-off versus Oliver Bjorkstrand in SAN JOSE BRONCOS zone. 19:49 of 3rd period - Shot by Bo Horvat. 19:49 of 3rd period - Stopped by Jonas Johansson without a rebound. 19:50 of 3rd period - Brady Tkachuk wins face-off versus Cole Caufield in SAN JOSE BRONCOS zone. Goals for this period are 0 for SAN JOSE BRONCOS vs 0 for SAN FRANCISCO SPIDERS. Shots for this period are 5 for SAN JOSE BRONCOS vs 9 for SAN FRANCISCO SPIDERS. Back to the Top |
VINCE DUNN ![]() |
JAMIE BENN ![]() |
JONATHAN DROUIN ![]() |
![]() |